 Dungeon Crawl Stone Soup version 0.31.0 (webtiles) character file.

Game seed: 9648234564150031350

111 qw the Shooter (level 4, -3/28 HPs)
             Began as a Gargoyle Hunter on Jan 19, 2024.
             Incinerated by a bombardier beetle (5 damage)
             ... with a burning spray
             ... on level 3 of the Dungeon.
             The game lasted 00:00:09 (1678 turns).

qw the Shooter (Gargoyle Hunter)                    Turns: 1678, Time: 00:00:10

Health: -3/28      AC: 10    Str: 14    XL:     4   Next: 92%
Magic:  4/4        EV: 10    Int: 10    God:
Gold:   133        SH:  0    Dex: 15    Spells: 3/3 levels left

rFire   . . .        a - +0 shortbow
rCold   . . .        (shield currently unavailable)
rNeg    + . .        g - +0 ring mail
rPois   inf          j - +1 helmet
rElec   +            (no cloak)
rCorr   .            (no gloves)
SInv    .            (no boots)
Will    .....        (no amulet)
Stlth   +            (no ring)
HPRegen 0.24/turn    (no ring)
MPRegen 0.09/turn

%: no passive effects
@: on fire, glowing
A: sickness immunity, AC +3, negative energy resistance 1, electricity
resistance, torment resistance 1, petrification resistance
a: no special abilities


You were on level 3 of the Dungeon.
You visited 1 branch of the dungeon, and saw 3 of its levels.

You collected 133 gold pieces.


Innate Abilities, Weirdness & Mutations

You are immune to sickness and miasma.
Your stone body is resilient. (AC +3)
You are immune to poison.
You resist negative energy. (rN+)
You are resistant to electric shocks. (rElec)
You are resistant to unholy torment.
You are immune to petrification.


   Skills:
 - Level 3.0 Fighting
 + Level 5.6 Ranged Weapons
 - Level 1.0 Armour
 - Level 1.5 Dodging
 - Level 1.1 Stealth


You had 3 spell levels left.
You didn't know any spells.
Your spell library was empty.

Inventory:

Hand Weapons
 a - a +0 shortbow (weapon)
Armour
 g - a +0 ring mail (worn)
 j - a +1 helmet (worn)
Jewellery
 d - a +6 ring of dexterity
Scrolls
 e - a scroll of amnesia {unknown}
 h - a scroll of silence {unknown}
 i - a scroll of vulnerability {unknown}
Potions
 b - a potion of might
 c - a potion of curing {unknown}
 f - a potion of berserk rage {unknown}

Dungeon Overview and Level Annotations

Branches:
Dungeon (3/15)

Altars:


Message History

You shoot an arrow.
The arrow hits the goblin but does no damage.
The goblin is moderately wounded.
The goblin misses you. The goblin closely misses you.
You shoot an arrow. The arrow hits the goblin!
You kill the goblin!
The bombardier beetle barely misses you.
You shoot an arrow.
The arrow barely misses the bombardier beetle.
You shoot an arrow. The arrow hits the bombardier beetle.
The bombardier beetle is moderately wounded.
The bombardier beetle sprays incendiary fluid at you.
The burning spray hits you.
You are covered in liquid fire!
You shoot an arrow.
The arrow hits the bombardier beetle but does no damage.
The bombardier beetle is moderately wounded.
The liquid fire burns you!
The bombardier beetle bites you but does no damage.
You shoot an arrow.
The arrow hits the bombardier beetle but does no damage.
The bombardier beetle is moderately wounded.
The liquid fire burns you!
The bombardier beetle bites you but does no damage.
You shoot an arrow.
The arrow barely misses the bombardier beetle.
The liquid fire burns you!
You shoot an arrow. The arrow hits the bombardier beetle.
The bombardier beetle is heavily wounded.
The liquid fire burns you!
The bombardier beetle barely misses you.
You shoot an arrow.
The arrow completely misses the bombardier beetle.
The liquid fire burns you!
The bombardier beetle closely misses you.
You shoot an arrow.
The arrow hits the bombardier beetle but does no damage.
The bombardier beetle is heavily wounded.
The liquid fire burns you!
You die...

......#.# ....^#.# .....
#...... .... #....# ####...
.# #....# ...... #.# #%...#
.... ..#
###<...###.#####.#####.###.#
...............B)..........
#####.####.####.@......#
......####...##........#
######).%.....#........#
#......#(#........#
#......#..#+#####.######
#......##.#.# #...)..#
#...........# #......#
###.........## #......#
#.(.....#..####......#


You could see a bombardier beetle.

Vanquished Creatures
  2 adders
  4 dart slugs
  3 ribbon worms
  2 orcs (D:3)
  9 bats
  4 endoplasms
  2 giant cockroaches
  6 goblins
  9 hobgoblins
  A jackal (D:2)
  4 quokkas
  8 ball pythons
  3 frilled lizards (D:1)
  6 kobolds
  8 rats
71 creatures vanquished.

Notes
Turn   | Place    | Note
-------+----------+-------------------------------------------
     0 | D:1      | qw the Gargoyle Hunter began the quest for the Orb.
     0 | D:1      | Reached XP level 1. HP: 12/12 MP: 1/1
     0 | D:1      | 0 ||| qw: Version: 0.3-a-132-g3d54051
     0 | D:1      | 0 ||| qw: Game counter: 165
     0 | D:1      | 0 ||| qw: Melee chars always use a shield: true
     0 | D:1      | 0 ||| qw: God list: Okawaru
     0 | D:1      | 0 ||| qw: Allow faded altars: false
     0 | D:1      | 0 ||| qw: Do Orc after clearing Dungeon:15 true
     0 | D:1      | 0 ||| qw: Do second Lair branch before Depths: true
     0 | D:1      | 0 ||| qw: Lair rune preference: random
     0 | D:1      | 0 ||| qw: Goals: Normal
     0 | D:1      | 0 ||| PLANNING D:1-11
   122 | D:1      | Reached XP level 2. HP: 17/17 MP: 2/2
   373 | D:1      | Reached XP level 3. HP: 19/21 MP: 3/3
   513 | D:1      | Reached skill level 5 in Ranged Weapons
   680 | D:1      | 680 ||| UPGRADING to +0 ring mail.
   690 | D:1      | 690 ||| DROPPING +0 leather armour.
   691 | D:1      | 691 ||| UPGRADING to +0 helmet.
   696 | D:1      | 696 ||| READING scroll labelled XOYV MIGOQUFO.
   696 | D:1      | 696 ||| ENCHANTING +0 helmet.
   697 | D:1      | 697 ||| READING scroll labelled WICA VEBECW.
   698 | D:1      | 698 ||| READING scroll labelled JATEGRE HAVOENIY.
   699 | D:1      | 699 ||| READING scroll labelled YZUNTA UR NUUTEUT.
   699 | D:1      | 699 ||| IDENTIFYING metallic coppery potion
   700 | D:1      | 700 ||| DROPPING scroll of butterflies.
   701 | D:1      | 701 ||| DROPPING potion of lignification.
   802 | D:2      | Reached skill level 1 in Armour
   972 | D:2      | Reached skill level 3 in Fighting
   972 | D:2      | Reached XP level 4. HP: 25/28 MP: 4/4
   972 | D:2      | 972 ||| FLEEEEING.
  1522 | D:2      | 1522 ||| READING scroll of identify.
  1522 | D:2      | 1522 ||| IDENTIFYING silvery potion
  1676 | D:3      | HP: 6/28 [burnt (7)]
  1677 | D:3      | HP: 1/28 [burnt (5)]
  1678 | D:3      | Incinerated by a bombardier beetle

Levels and vault maps discovered:
D:1:      nzn_arrival_depleted_hourglass, layout_basic, minmay_pentomino_q2
D:2:      layout_basic, hangedman_feature_mirror, kennysheep_generic_room_5
D:3:      layout_basic, ebering_ghost_inner_flame, serial_shops, shop

Skill      XL: |  1  2  3 |
---------------+----------+-----
Ranged Weapons | 5 |  5.6
Armour         | 1 |  1.0
Fighting       | 3 |  3.0
Dodging        | |  1.5
Stealth        | |  1.1

Action                     |  1- 3 |  4- 6 || total
---------------------------+-------+-------++-------
   Fire: Shortbow          |   140 |   102 ||   242
    Use: Scroll            |     4 |     1 ||     5
 Armour: Leather armour    |    23 |       ||    23
         Ring mail         |    13 |    34 ||    47
  Dodge: Dodged            |    39 |    31 ||    70

Table legend:
 A = Non-vault XP
 B = Vault XP
 C = Vault XP percentage of total XP
 D = Non-vault monster count
 E = Vault monster count
 F = Vault count percentage of total count
                 A         B        C        D         E       F
            +---------+---------+-------+---------+---------+-------
      Total |     134 |      25 |  15.7 |      63 |       8 |  11.3
            +---------+---------+-------+---------+---------+-------
        D:1 |      46 |       1 |   2.1 |      27 |       1 |   3.6
        D:2 |      44 |      24 |  35.3 |      25 |       7 |  21.9
        D:3 |      44 |       0 |   0.0 |      11 |       0 |   0.0
            +---------+---------+-------+---------+---------+-------
